 Dungeon Crawl Stone Soup version 0.27-a0-668-gb5737ff2c0 (webtiles) character file.

Game seed: 3759493802146225955

8377 robertstho the Archer (level 11, -6/97 HPs)
             Began as a Minotaur Hunter on Mar 17, 2021.
             Was a Priest of Okawaru.
             Mangled by an orc warrior
             ... wielding a +0 glaive
              (17 damage)
             ... on level 11 of the Dungeon.
             The game lasted 00:14:52 (10505 turns).

robertstho the Archer (Minotaur Hunter)            Turns: 10505, Time: 00:14:53

Health: -6/97      AC: 23    Str: 19    XL:     11   Next: 9%
Magic:  12/12      EV:  6    Int:  8    God:    Okawaru [***...]
Gold:   563        SH:  0    Dex: 12    Spells: 10/10 levels left

rFire    . . .     SeeInvis .   A - +2 great sword
rCold    . . .     Faith    .   (shield currently unavailable)
rNeg     . . .     Spirit   .   f - +0 plate armour
rPois    .         Reflect  .   (helmet restricted)
rElec    .         Harm     .   (no cloak)
rCorr    .         Rampage  .   g - +1 pair of gloves
Will     .....                  (no boots)
Stlth    ..........             (no amulet)
HPRegen  0.26/turn              j - +4 ring of protection
MPRegen  0.13/turn              m - +4 ring of protection

@: no status effects
A: horns 2, retaliatory headbutt
a: Renounce Religion, Heroism


You were on level 11 of the Dungeon.
You worshipped Okawaru.
Okawaru was most pleased with you.
You visited 2 branches of the dungeon, and saw 12 of its levels.

You collected 563 gold pieces.

Inventory:

Hand Weapons
 a - a +2 shortbow
 d - a +0 short sword of venom
 i - a +4 short sword
 o - a +2 hand axe of electrocution
 A - a +2 great sword (weapon)
Armour
 f - a +0 plate armour (worn)
 g - a +1 pair of gloves (worn)
Jewellery
 j - a +4 ring of protection (right hand)
 m - a +4 ring of protection (left hand)
 p - an amulet of magic regeneration
 s - a ring of resist corrosion
Wands
 C - a wand of iceblast (10)
 G - a wand of acid (12)
Scrolls
 e - a scroll of brand weapon
 k - 6 scrolls of identify
 l - 2 scrolls of enchant armour
 n - a scroll of holy word
 q - 2 scrolls of blinking
 t - a scroll of amnesia {unknown}
 u - a scroll of vulnerability {unknown}
 v - a scroll of fear {unknown}
 x - a scroll of noise {unknown}
 z - 3 scrolls of teleportation
 B - a scroll of summoning {unknown}
 D - 3 scrolls of silence {unknown}
 E - a scroll of enchant weapon
Potions
 b - 7 potions of curing
 c - 2 potions of mutation {unknown}
 h - a potion of magic
 r - a potion of resistance
 w - 2 potions of cancellation
 F - a potion of brilliance {unknown}


   Skills:
 + Level 9.4 Fighting
 + Level 3.4(4.1) Short Blades
 + Level 3.7(4.5) Long Blades
 + Level 13.9 Bows
 + Level 7.0 Armour
 + Level 2.4 Dodging
 + Level 1.9 Stealth
 * Level 3.6 Invocations


You had 10 spell levels left.
You didn't know any spells.
Your spell library contained the following spells:

 Spells                   Type           Power      Damage    Failure   Level
 Animate Skeleton         Necr           0%         N/A       100%        1
 Apportation              Tloc           0%         N/A       100%        1
 Corona                   Hex            0%         N/A       100%        1
 Summon Small Mammal      Summ           0%         N/A       100%        1
 Confusing Touch          Hex            0%         N/A       100%        3
 Gell's Gravitas          Tloc           0%         N/A       100%        3
 Petrify                  Tmut/Erth      0%         N/A       100%        4
 Metabolic Englaciation   Hex/Ice        0%         N/A       100%        5
 Yara's Violent Unravell  Hex/Tmut       0%         3d3       100%        5


Dungeon Overview and Level Annotations

Branches:
Dungeon (11/15)            Temple (1/1) D:7
   Lair: D:8-11         Orc: D:9-12

Altars:
Ashenzari
Cheibriados
Dithmenos
Elyvilon
Fedhas
Gozag
Hepliaklqana
Kikubaaqudgha
Makhleb
Nemelex Xobeh
Okawaru
Qazlal
Ru
Sif Muna
Trog
Uskayaw
Vehumet
Wu Jian
Xom
Yredelemnul
Zin
The Shining One


Innate Abilities, Weirdness & Mutations

You have a pair of horns on your head.
You reflexively headbutt those who attack you in melee.


Message History

Okawaru accepts your kill.
Okawaru will now gift you ammunition as you gain piety.
The orc warrior hits you from afar with a +0 glaive!
The orc warrior hits you but does no damage.
The orc warrior hits you with a +0 glaive!
Things that are here:
8 arrows; a yak corpse You hit the orc warrior.
You headbutt the orc warrior.
The orc warrior is moderately wounded.
The orc warrior hits you with a +0 glaive!
You closely miss the orc warrior. Your headbutt misses the orc warrior.
The orc warrior is moderately wounded.
The orc warrior barely misses you.
You riposte.
You slash the orc warrior!
The orc warrior is severely wounded.
The orc warrior barely misses you.
You hit the orc warrior but do no damage.
The orc warrior is severely wounded.
The orc warrior barely misses you. You furiously retaliate!
You headbutt the orc warrior, but do no damage.
You barely miss the orc warrior.
The orc warrior is severely wounded.
The orc warrior hits you with a +0 glaive. x2
You hit the orc warrior but do no damage.
The orc warrior is severely wounded.
The orc warrior hits you with a +0 glaive!
Your plate armour prevents you from hitting the orc warrior.
The orc warrior is severely wounded.
The orc warrior hits you with a +0 glaive!
* * * LOW HITPOINT WARNING * * *
The orc warrior hits you with a +0 glaive.
* * * LOW HITPOINT WARNING * * *
You barely miss the orc warrior.
The orc warrior is severely wounded.
The orc warrior hits you with a +0 glaive!
* * * LOW HITPOINT WARNING * * *
You closely miss the orc warrior. Your headbutt misses the orc warrior.
The orc warrior is severely wounded.
The orc warrior hits you but does no damage.
The orc warrior hits you with a +0 glaive!
You die...

#.# #.# .....?.
##.# ...c... ..#
......Y #.#
....... ##.###
..(.... #....###
....(..
#.##...##o......
##.####.@oo......
#..# ####.......
#.## ######+
###.# #...# #.###
##.#######
###.)......#
#.)#.......#


You could see an orc warrior and 2 orcs.

Vanquished Creatures
  3 two-headed ogres
  An unseen horror (D:10)
  Psyche (D:8)
  A troll (D:9)
  Prince Ribbit (D:5)
  A wyvern (D:8)
  8 yaks
  Edmund (D:3)
  Duvessa (D:5)
  A water moccasin (D:10)
  A sky beast (D:6)
  3 orc warriors
  4 ogres
  2 phantoms
  3 centaurs
  2 kobold brigands
  3 bullfrogs
  2 wyvern skeletons
  Dowan (D:5)
  4 scorpions
  2 water moccasin skeletons
  3 wights (D:8)
  2 howler monkeys
  2 bullfrog zombies
  2 centaur zombies
  3 bullfrog skeletons
  A jelly (D:10)
  A gnoll shaman (D:10)
  6 orc priests
  4 hounds
  Jessica (D:3)
  6 orc wizards
  2 iguanas
  9 worker ants
  2 hound skeletons
  A worker ant zombie (D:7)
  7 gnolls
  12 adders
  4 white imps
  2 ufetubi
  An ooze (D:1)
  An adder skeleton (D:6)
  An adder zombie (D:7)
  2 worms (D:2)
  2 dart slugs
  3 leopard geckos
  39 orcs
  A ball python (D:1)
  7 giant cockroaches
  7 goblins
  7 hobgoblins
  12 jackals
  A quokka (D:1)
  4 bats
  20 kobolds
  9 rats
233 creatures vanquished.

Vanquished Creatures (others)
  18 plants (D:11)
18 creatures vanquished.

Grand Total: 251 creatures vanquished

Notes
Turn   | Place    | Note
-------+----------+-------------------------------------------
     0 | D:1      | robertstho the Minotaur Hunter began the quest for the Orb.
     0 | D:1      | Reached XP level 1. HP: 18/18 MP: 0/0
   161 | D:1      | Reached XP level 2. HP: 25/25 MP: 1/1
   523 | D:1      | Reached skill level 5 in Bows
   613 | D:2      | Reached XP level 3. HP: 31/31 MP: 2/2
  1047 | D:2      | Reached XP level 4. HP: 35/38 MP: 3/3
  1094 | D:2      | Found a bloodstained altar of Trog.
  1197 | D:2      | Reached skill level 1 in Armour
  1688 | D:3      | Noticed Jessica
  1689 | D:3      | Killed Jessica
  1690 | D:3      | Reached skill level 6 in Bows
  1692 | D:3      | Found a snail-covered altar of Cheibriados.
  1916 | D:3      | Reached XP level 5. HP: 45/45 MP: 4/4
  2119 | D:3      | Found a glowing silver altar of Zin.
  2252 | D:3      | Found a shimmering blue altar of Sif Muna.
  2348 | D:4      | Noticed an ogre
  2355 | D:4      | Killed an ogre
  2356 | D:4      | Reached skill level 1 in Short Blades
  2378 | D:4      | Reached XP level 6. HP: 45/52 MP: 5/5
  2430 | D:4      | Noticed Edmund
  2445 | D:3      | Reached skill level 7 in Bows
  2505 | D:3      | Killed Edmund
  2704 | D:4      | Reached XP level 7. HP: 55/59 MP: 6/6
  3035 | D:4      | Found a sacrificial altar of Ru.
  3158 | D:5      | Entered Level 5 of the Dungeon
  3209 | D:5      | Reached skill level 8 in Bows
  3744 | D:5      | Reached XP level 8. HP: 67/67 MP: 7/7
  3779 | D:5      | Noticed Dowan
  3782 | D:5      | Noticed Duvessa
  3797 | D:5      | Killed Dowan
  3798 | D:5      | Reached skill level 9 in Bows
  3810 | D:5      | Found a bloodstained altar of Trog.
  4142 | D:5      | Reached skill level 5 in Fighting
  4237 | D:5      | Killed Duvessa
  4767 | D:5      | Noticed Prince Ribbit
  5057 | D:5      | Killed Prince Ribbit
  5302 | D:6      | Reached skill level 10 in Bows
  5647 | D:6      | Found a shadowy altar of Dithmenos.
  6164 | D:7      | Found a staircase to the Ecumenical Temple.
  6194 | D:7      | Found a sparkling altar of Nemelex Xobeh.
  6253 | D:7      | Reached XP level 9. HP: 67/78 MP: 8/8
  6324 | Temple   | Entered the Ecumenical Temple
  6479 | D:7      | Found a radiant altar of Vehumet.
  6798 | D:7      | Reached skill level 1 in Stealth
  6912 | D:7      | Reached skill level 11 in Bows
  7217 | D:8      | Found a burning altar of Makhleb.
  7294 | D:8      | Reached skill level 5 in Armour
  7344 | D:8      | Noticed a two-headed ogre
  7352 | D:8      | Killed a two-headed ogre
  7578 | D:8      | Noticed Psyche
  7594 | D:8      | Killed Psyche
  7595 | D:8      | Reached skill level 12 in Bows
  7688 | D:8      | Found a sacrificial altar of Ru.
  7708 | D:8      | Found a basalt altar of Yredelemnul.
  7865 | D:8      | Found a white marble altar of Elyvilon.
  7925 | D:9      | Reached XP level 10. HP: 38/88 MP: 9/9
  8163 | D:9      | Reached skill level 1 in Long Blades
  8359 | D:9      | Noticed a two-headed ogre
  8369 | D:9      | Killed a two-headed ogre
  8370 | D:9      | Reached skill level 13 in Bows
  8392 | D:9      | Found an iron altar of Okawaru.
  8456 | D:9      | Became a worshipper of Warmaster Okawaru
  8887 | D:9      | Noticed a two-headed ogre
  8901 | D:9      | Killed a two-headed ogre
  8901 | D:9      | Reached * piety under Okawaru
  8902 | D:9      | Reached skill level 1 in Invocations
  8978 | D:9      | Found a hazy altar of Hepliaklqana.
  9053 | D:10     | Entered Level 10 of the Dungeon
  9670 | D:10     | Killed an unseen horror
  9845 | D:10     | Reached ** piety under Okawaru
 10473 | D:11     | Reached XP level 11. HP: 97/97 MP: 12/12
 10496 | D:11     | Reached *** piety under Okawaru
 10505 | D:11     | Mangled by an orc warrior

Illustrated notes

Levels and vault maps discovered:
D:1:      psy_arrival_whirlpool, layout_rooms
D:2:      layout_loops_ring, lemuel_round_altar, fountainhead,
          roderic_serpentine_path
D:3:      layout_basic, nicolae_overflow_hidden_temple,
          lemuel_coloured_pillars_altar, zin_treasury, st_stairs_12,
          uniq_jessica
D:4:      layout_rooms, lemuel_round_altar, eino_tiny_chamber, uniq_edmund
D:5:      layout_layer_cave, trog_hazing_becter, uniq_duvessa,
          uniq_prince_ribbit1
D:6:      layout_basic, nicolae_dithmenos_the_darkroom
D:7:      layout_basic, overflow_temple_1_default,
          nemelex_xobeh_ov_fountains_minmay, minmay_temple_entry_waves,
          nrook_loot_triangle, chequers_decorated_corner, grunt_decor_fettered
D:8:      layout_basic, kennysheep_ying_yang, bloody_makhleb,
          lemuel_statue_altar, uniq_psyche
D:9:      layout_rooms, lemuel_round_altar, lemuel_doored_altar
D:10:     layout_rooms
D:11:     layout_roguey, david_lair_shrubbed, erik_orc_3
Temple:   nicolae_temple_figure_zero

Skill      XL: |  1  2  3  4  5  6  7  8  9 10 |
---------------+-------------------------------+-----
Fighting       | 3 4 6 7 9 |  9.4
Bows           | 5 6 7 8 10 12 13 | 13.9
Armour         | 1 2 3 4 5 7 |  7.0
Short Blades   | 1 2 3 |  3.4
Stealth        | 1 |  1.9
Long Blades    | 3 |  3.7
Invocations    | 3 |  3.6
Dodging        | |  2.4

Action                   |  1- 3 |  4- 6 |  7- 9 | 10-12 || total
-------------------------+-------+-------+-------+-------++-------
Melee: Short sword       |       |    73 |    69 |       ||   142
       Headbutt          |       |     8 |    17 |    12 ||    37
       Great sword       |       |       |     9 |    62 ||    71
       Shortbow          |       |       |       |     3 ||     3
 Fire: Shortbow          |    98 |    70 |   358 |   246 ||   772
  Use: Scroll            |     3 |       |     8 |       ||    11
       Potion            |       |     1 |     3 |       ||     4
Armor: Plate armour      |    34 |    82 |   149 |   133 ||   398
       Leather armour    |     1 |       |       |       ||     1
Dodge: Dodged            |     9 |    29 |    59 |    36 ||   133
       Rpst.: Great sword |       |       |     1 |     5 ||     6

Table legend: (Time is in decaauts)
 A = Elapsed time spent in this place.
 B = Non-inter-level travel time spent in this place.
 C = Inter-level travel time spent in this place.
 D = Time resting spent in this place.
 E = Time spent auto-exploring this place.
 F = Levels seen in this place.
 G = Mean time per level.
                   A        B        C        D        E       F      G
               +--------+--------+--------+--------+--------+-----+--------+
         Total |  10354 |  10039 |    315 |     29 |   8367 |  12 |  862.8 |
       Dungeon |  10230 |   9926 |    304 |     29 |   8254 |  11 |  930.0 |
        Temple |    123 |    113 |     10 |      0 |    113 |   1 |  123.0 |
               +--------+--------+--------+--------+--------+-----+--------+

Top non-repeatable levels by time:
     D:5: 2017 daAuts
     D:9: 1395 daAuts
     D:2: 975 daAuts
    D:10: 890 daAuts
     D:6: 862 daAuts
     D:8: 851 daAuts
     D:3: 842 daAuts
     D:7: 789 daAuts
     D:4: 736 daAuts
     D:1: 606 daAuts
    D:11: 262 daAuts
  Temple: 123 daAuts
